 Dungeon Crawl Stone Soup version bcrawl-1.39.1 (webtiles) character file.

Game seed: 3716680303061861434

12677695 kosoiffoigrumme1174 the Swashbuckler (level 17, -9/110 HPs)
             Began as a Mana Stalker Chaos Knight on Sept 3, 2023.
             Was the Champion of Okawaru.
             Mangled by a kraken (11 damage)
             ... on level 2 of the Shoals.
             The game lasted 00:59:44 (21853 turns).

kosoiffoigrumme1174 the Swashbuckler (VSCK)        Turns: 21853, Time: 00:59:45

Health: -9/110     AC: 15    Str: 13    XL:     17   Next: 23%
Magic:  12/12      EV: 32    Int:  9    God:    Okawaru [******]
Gold:   2289       SH:  8    Dex: 27    Spells: 16/16 levels left

rFire    + . .     GDR:     38% a - +10 quick blade of Guile {antimagic, Fragile rElec rPois}
rCold    + . .     SeeInvis .   (no shield)
rNeg     + . .     Gourm    .   b - +4 ring mail "Biozucla" {rF++ rCorr Str-5}
rPois    +         Faith    .   D - +2 hat
rElec    +         Spirit   .   Q - scarf {repulsion}
rCorr    +         Reflect  +   W - +0 pair of hand wraps "Fists of Thunder" {elec, rElec Slay+2}
MR       ++++.                  (no boots)
Stlth    +++++.....             f - brooch of Shielding {Reflect SH+8}
HPRegen  0.68/turn              S - ring "Vuce" {+Fly rN+}
MPRegen  0.13/turn              L - ring "Vegat" {Ice Int-3 Dex+5}

@: about to teleport, heroism, flying, studying Fighting, heavily drained, repel
missiles
A: fangs 3, horns 1, talons 2, repulsion field 1, molten scales 1, magic
resistance 3, regeneration 1, strong 2, wild magic 1, antimagic bite, no potion
heal 3, rot immunity, MP-powered wands, sturdy frame 1, strong jaws
}: 1/15 runes: gossamer
a: Heroism, Finesse, Renounce Religion, Stop Flying


You were on level 2 of the Shoals.
You worshipped Okawaru.
Okawaru was exalted by your worship.
You were not hungry.

You visited 5 branches of the dungeon, and saw 22 of its levels.
You also visited: Bailey and Ice Cave.

You collected 3700 gold pieces.
You spent 1411 gold pieces at shops.

Inventory:

Hand Weapons
 a - the +10 quick blade of Guile (weapon) {antimagic, Fragile rElec rPois}
   (You acquired it on level 2 of the Shoals)

   It reduces the magical energy of the wielder, and disrupts the spells and
   magical abilities of those hit.
   Natural abilities and divine invocations are not affected.
   It insulates you from electricity.
   It protects you from poison.
   It will be destroyed if unequipped.
 h - a +3 fustibalus of velocity
 z - the +3 quick blade of the Poles {flame, *Drain Dex+6}
   (You found it on level 11 of the Dungeon)

   It has been specially enchanted to surge with flame as it hits, increasing
   damage dealt by approximately one third against foes not resistant or
   susceptible to fire.
   It affects your dexterity (+6).
   It causes draining when unequipped.
Missiles
 t - 292 poisoned tomahawks (quivered)
 v - 903 sling bullets
 Y - 2 throwing nets {=f}
Armour
 b - the +4 ring mail "Biozucla" (worn) {rF++ rCorr Str-5}
   (Xom gifted it to you on level 11 of the Dungeon)

   It affects your strength (-5).
   It greatly protects you from fire.
   It provides partial protection from all sources of acid and corrosion.
 D - a +2 hat (worn)
 Q - a scarf of repulsion (worn)
 W - the +0 pair of hand wraps "Fists of Thunder" (worn) {elec, rElec Slay+2}
   (You found it on level 11 of the Dungeon)

   It affects your accuracy and damage with ranged weapons and melee attacks
   (+2).
   It insulates you from electricity.
Jewellery
 f - the brooch of Shielding (around neck) {Reflect SH+8}
   (You bought it in a shop on level 10 of the Dungeon)

   [amulet of reflection]

   It shields you and reflects attacks.
   It affects your SH (+8).
 i - an uncursed ring of protection from fire
 w - an uncursed ring of positive energy
 F - the ring "Ycakarin" {rElec MR- Str+3 Stlth--}
   (You found it on level 2 of the Shoals)

   [ring of attention]

   It affects your strength (+3).
   It insulates you from electricity.
   It affects your resistance to hostile enchantments.
   It makes you much less stealthy.
 G - an uncursed amulet of the acrobat
 L - the ring "Vegat" (right hand) {Ice Int-3 Dex+5}
   (You found it on level 7 of the Dungeon)

   [ring of ice]

   It enhances your ice magic.
   It affects your intelligence (-3).
   It affects your dexterity (+5).
   It makes you vulnerable to fire.
   It protects you from cold.
 S - the ring "Vuce" (left hand) {+Fly rN+}
   (You found it on level 11 of the Dungeon)

   [ring of flight]

   It protects you from negative energy.
   It lets you fly.
 V - an uncursed ring of protection from fire
Wands
 d - a wand of digging (7)
 C - a wand of flame (42)
 I - a wand of scattershot (3)
 M - a wand of acid (4)
 T - a wand of iceblast (19)
 U - a wand of clouds (10)
Scrolls
 c - 7 scrolls of teleportation
 l - 15 scrolls of remove curse
 m - a scroll of torment
 n - a scroll of blinking
 r - 4 scrolls of fear
 y - 4 scrolls of immolation
 E - 4 scrolls of revelation
 H - a scroll of fog
 K - 2 scrolls of summoning
 P - a scroll of silence
Potions
 g - 14 potions of curing
 j - 4 potions of lignification
 k - 2 potions of mutation
 o - 4 potions of haste
 p - a potion of berserk rage
 q - 3 potions of flight
 s - 2 potions of might
 u - 4 potions of cancellation
 x - a potion of agility
 A - 4 potions of invisibility
 B - a potion of resistance
Miscellaneous
 J - a fan of gales (2/2)
 N - a lamp of fire
Comestibles
 e - 33 rations {!d}


   Skills:
 + Level 13.7(16.3) Fighting
 - Level 15.0(17.5) Short Blades
   Level 2.6(5.8) Axes
 - Level 0.7(3.9) Armour
 + Level 13.4(15.9) Dodging
 - Level 7.8(10.6) Stealth
 - Level 14.1(16.6) Unarmed Combat
 - Level 10.0(8.0) Invocations
 - Level 8.9(7.0) Evocations


You had 16 spell levels left.
You didn't know any spells.
Your spell library contained the following spells:

 Spells                   Type           Power        Failure   Level  Hunger
 Apportation              Tloc           #.....       58%         1    None
 Summon Butterflies       Summ           #.......     58%         1    None
 Ensorcelled Hibernation  Hex/Ice        #.....       73%         2    ####...
 Flaming Arrows           Chrm/Fire      #.......     73%         2    ####...
 Beckoning                Tloc           #.........   90%         3    #####..
 Conjure Flame            Conj/Fire      #.......     90%         3    #####..
 Portal Projectile        Tloc           #.....       90%         3    #####..
 Stone Arrow              Conj/Erth      #.....       90%         3    #####..
 Tukima's Dance           Hex            #.......     90%         3    #####..
 Force Lance              Tloc           #.......     100%        4    ######.
 Petrify                  Tmut/Erth      #.........   100%        4    ######.
 Freezing Cloud           Ice/Air        #.......     100%        5    #######
 Iskenderun's Battlesphe  Conj/Chrm      #.......     100%        5    #######
 Metabolic Englaciation   Hex/Ice        #.........   100%        5    #######
 Piercing Shot            Chrm           #.........   100%        5    #######
 Steam Barrier            Chrm/Fire      #.........   100%        5    #######
 Aura of Abjuration       Summ           #.........   100%        6    #######
 Bolt of Cold             Conj/Ice       #.........   100%        6    #######
 Borgnjor's Vile Clutch   Necr/Erth      #.........   100%        6    #######
 Darkness                 Hex            #.........   100%        6    #######
 Deflect Missiles         Chrm/Air       #.........   100%        6    #######
 Dispersal                Tloc           #.........   100%        6    #######
 Infestation              Hex/Tmut/Pois  #........    100%        6    #######
 Invisibility             Hex            #.......     100%        6    #######
 Iron Shot                Conj/Erth      #.........   100%        6    #######
 Ozocubu's Refrigeration  Ice            #.........   100%        6    #######
 Simulacrum               Ice/Necr       #.......     100%        6    #######
 Controlled Blink         Tloc           #.......     100%        7    #######
 Shadow Creatures         Summ           N/A          100%        7    #######
 Time Stop                Chrm/Tloc      N/A          100%        8    #######


Dungeon Overview and Level Annotations

Branches:
Dungeon (12/12)            Temple (1/1) D:5            Lair (4/6) D:7
 Shoals (2/3) Lair:4       Spider (3/3) Lair:2          Orc (0/1) D:8
 Vaults (0/3) D:12         Depths (0/5) D:12

Altars:
Ashenzari
Cheibriados
Dithmenos
Elyvilon
Fedhas
Gozag
Hepliaklqana
Kikubaaqudgha
Lugonu
Makhleb
Nemelex Xobeh
Okawaru
Qazlal
Ru
Sif Muna
Trog
Uskayaw
Vehumet
Wu Jian
Xom
Yredelemnul
Zin
The Shining One

Shops:
D:10 ==[   D:12 ?

Annotations:
D:4 2 runed translucent doors, SansUndertale's ghost, amateur NaAc


Innate Abilities, Weirdness & Mutations

You have razor-sharp teeth.
You are extremely resistant to the effects of hostile enchantments. (MR+++)
Your natural rate of healing is unusually fast.
Your bite disrupts and absorbs the magic of your enemies.
Potions cannot restore your health.
You are immune to rotting.
Your bites deal extra damage.
You have a pair of small horns on your head.
You have razor-sharp toenails.
You are surrounded by a mild repulsion field. (EV +2)
You are partially covered in molten scales. (AC +2)
Your muscles are very strong. (Str +4)
Your spells are a little harder to cast, but a little more powerful.
You expend magic power (3 MP) to strengthen your wands.
Your movements are slightly less encumbered by armour. (ER -2)


Message History

* * * LOW HITPOINT WARNING * * *
The tentacle misses you.
Your crimson imp hits the tentacle but does no damage.
The tentacle misses you.
You hit the kraken. You claw the kraken, but do no damage.
You headbutt the kraken, but do no damage.
You bite the kraken, but do no damage.
The kraken is heavily wounded.
The kraken closely misses you.
As you read the scroll of teleportation, it crumbles to dust.
You feel strangely unstable.
Your crimson imp seems less confused.
You block the tentacle's attack.
The tentacle slaps you but does no damage.
The tentacle completely misses you. The tentacle slaps you!!
* * * LOW HITPOINT WARNING * * *
A tentacle segment bursts forth from the water.
The kraken bites you!
You die...
Xom howls with laughter!

..^....PPPPP≈≈≈≈≈≈≈≈≈#
#......PPPPPP≈≈≈≈≈≈≈≈#
#.....PPPPPP≈≈≈≈≈≈≈≈≈#
#.....≈≈P≈≈≈≈≈≈≈≈≈≈≈≈#
.....≈P≈≈≈≈≈≈≈≈≈≈≈≈≈≈#
...≈P≈≈≈≈≈≈≈≈≈≈≈≈≈≈≈≈#
.≈≈≈≈≈≈≈≈≈≈≈≈≈≈≈≈≈≈≈≈#
≈≈≈≈≈≈≈≈≈≈≈≈≈≈≈www≈≈≈#
≈≈≈≈≈≈X@≈≈≈≈#
≈≈≈≈≈≈w≈≈≈≈≈#
≈≈≈≈≈≈≈5≈≈≈≈#
≈≈≈≈≈≈≈≈≈≈≈≈#
≈≈≈≈≈≈≈≈≈≈≈≈#
≈≈≈≈≈≈≈≈≈≈≈≈#
≈≈≈≈≈≈≈≈≈≈≈≈#
≈≈≈≈≈≈≈≈≈≈≈≈#


You could see a kraken, 4 tentacles and a friendly crimson imp.

Vanquished Creatures
  Rupert (D:12)
  The ghost of Lazarus1551 the Eclecticist, an adept OnNe of Kikubaaqudgha (Shoals:1)
  A frost giant (Shoals:2)
  6 emperor scorpions
  2 ghost moths (Spider:3)
  4 entropy weavers
  A minotaur (Shoals:1)
  2 blizzard demons (IceCv)
  A dire elephant (D:12)
  A spark wasp (Spider:3)
  A merfolk javelineer (Shoals:1)
  Josephine (D:10)
  5 hydras
  7 vault guards (D:12)
  2 catoblepae
  5 two-headed ogres
  The ghost of fifreuwaquouxo3460 the Harbinger of Death, a novice TrAc of Yredelemnul (Lair:1)
  A satyr (Shoals:1)
  A merfolk avatar (Shoals:1)
  An ogre mage (D:11)
  A queen ant (Lair:3)
  8 death scarabs (Spider:3)
  3 sea snakes (Shoals:1)
  A spectral emperor scorpion (Spider:3)
  3 centaur warriors
  An unseen horror (D:12)
  A spectral wolf spider (Spider:3)
  A kraken simulacrum (Shoals:2)
  A wizard (D:11)
  3 cyclopes
  A wolf spider zombie (Spider:3)
  An orc knight (D:11)
  An orange crystal statue (Spider:1)
  5 harpies (Shoals:2)
  12 orb spiders
  5 ugly things
  22 wolf spiders
  An oklob plant (Lair:3)
  3 fauns (Shoals:1)
  A manticore (D:12)
  A spectral alligator snapping turtle (Shoals:1)
  A merfolk siren (Shoals:1)
  3 moths of wrath
  A water nymph (Shoals:2)
  An ice statue (IceCv)
  6 elephants
  2 black mambas
  A torpor snail (Lair:3)
  10 demonic crawlers
  5 cane toads
  A komodo dragon (Lair:1)
  3 rime drakes
  4 ice devils (IceCv)
  4 yaktaurs (D:12)
  An eye of draining (Spider:3)
  A kobold demonologist (D:12)
  4 anaconda simulacra (IceCv)
  27 jumping spiders
  A golden dragon simulacrum (IceCv)
  A freezing wraith (IceCv)
  3 spectral jumping spiders (Spider:3)
  2 wolf spider simulacra
  3 merfolk (Shoals:1)
  A troll (D:7)
  2 wind drakes
  A tarantella zombie (Spider:3)
  A queen bee (D:8)
  6 meliai
  2 harpy skeletons
  7 hornets
  16 blink frogs
  Grinder (D:6)
  2 spectral tarantellas (Spider:3)
  3 spectral redbacks (Spider:3)
  4 dream sheep (Shoals:1)
  7 hippogriffs
  2 spectral black mambas (Lair:1)
  6 snapping turtles (Shoals:1)
  Sigmund (D:6)
  A dire elephant simulacrum (IceCv)
  A meliai zombie (D:10)
  4 sea snake simulacra
  Grum (Lair:4)
  25 yaks
  A shadow (D:12)
  17 tarantellas
  2 water elementals (Shoals:1)
  3 wyverns
  A fire elemental (D:12)
  A golden eye (Lair:3)
  2 basilisks (Lair:2)
  An alligator snapping turtle simulacrum (Shoals:2)
  5 wraiths
  35 redbacks
  3 jumping spider zombies (Spider:3)
  A death yak simulacrum (IceCv)
  3 hungry ghosts
  2 vampire mosquitoes (D:12)
  An iron troll simulacrum (IceCv)
  6 harpy simulacra
  4 hydra simulacra (IceCv)
  A swamp worm (Spider:3)
  7 crocodiles
  4 spectral hornets (Spider:3)
  5 water moccasins
  2 porcupines (Lair:1)
  A hell hound (D:12)
  4 redback zombies (Spider:3)
  19 soldier ants (Lair:3)
  8 orc warriors
  A phantom (D:9)
  4 ice beasts
  A black bear (D:8)
  2 alligator simulacra (IceCv)
  A necrophage (D:4)
  6 sky beasts
  4 satyr simulacra (Shoals:2)
  10 ogres
  A boggart (D:3)
  A wolf (Lair:4)
  11 bullfrogs
  2 kobold brigands
  3 merfolk simulacra (Shoals:1)
  2 centaurs
  A gnoll sergeant (D:8)
  5 faun simulacra (Shoals:2)
  5 scorpions
  19 killer bees
  7 snapping turtle simulacra
  2 elephant simulacra
  4 manticore simulacra
  An electric eel (Lair:1)
  3 orc priests
  8 crimson imps
  2 howler monkeys
  A draconian simulacrum (IceCv)
  A bullfrog zombie (D:8)
  A komodo dragon simulacrum (Lair:1)
  An iron imp (IceCv)
  2 jellies
  3 hounds
  A bullfrog skeleton (D:4)
  5 iguanas
  A cyclops simulacrum (Shoals:2)
  5 orc wizards
  27 worker ants
  Terence (D:3)
  3 troll simulacra (IceCv)
  2 polar bear simulacra (IceCv)
  2 spriggan simulacra (IceCv)
  A killer bee zombie (D:6)
  2 hound zombies
  2 hound skeletons
  A howler monkey zombie (D:7)
  A howler monkey skeleton (D:10)
  6 adders
  6 gnolls
  2 naga simulacra (IceCv)
  An ogre simulacrum (IceCv)
  4 shadow imps
  8 white imps (IceCv)
  2 centaur simulacra
  3 oozes
  11 ufetubi (IceCv)
  2 adder skeletons (D:4)
  4 worms
  A dart slug (D:1)
  6 leopard geckos
  36 orcs
  A ball python (D:3)
  2 giant cockroaches
  11 goblins
  14 hobgoblins
  10 jackals
  4 quokkas
  9 bats
  3 frilled lizards
  A jackal zombie (D:6)
  38 kobolds
  5 rats
  A plant (Lair:3)
799 creatures vanquished.

Vanquished Creatures (collateral kills)
  A hippogriff (D:7)
  A crocodile (D:7)
  A wolf (Lair:4)
  A crimson imp (D:11)
4 creatures vanquished.

Vanquished Creatures (others)
  A fungus (Lair:4)
1 creature vanquished.

Grand Total: 804 creatures vanquished

Notes
Turn   | Place    | Note
-------+----------+-------------------------------------------
     0 | D:1      | kosoiffoigrumme1174 the Vine Stalker Chaos Knight began the
                  | quest for the Orb.
     0 | D:1      | Reached XP level 1. HP: 13/13 MP: 2/2
    38 | D:1      | XOM: harmless Tloc miscast
    40 | D:1      | Reached skill level 1 in Stealth
    46 | D:1      | Reached XP level 2. HP: 4/18 MP: 3/3
   276 | D:1      | Reached XP level 3. HP: 22/22 MP: 4/4
   568 | D:1      | XOM: god gift: leatherbound book {god gift}
   822 | D:2      | XOM: harmless Summ miscast
   911 | D:2      | Reached skill level 5 in Stealth
   919 | D:2      | Found a hide-covered altar of Uskayaw.
  1011 | D:2      | Reached XP level 4. HP: 27/27 MP: 5/5
  1082 | D:2      | XOM: silly message
  1320 | D:2      | XOM: cloud trail
  1454 | D:2      | XOM: harmless Air miscast
  1466 | D:2      | XOM: summons 2 hostile demons
  1717 | D:3      | XOM: medium Chrm miscast
  1806 | D:3      | XOM: mild Necr miscast
  1967 | D:3      | Reached XP level 5. HP: 31/31 MP: 6/6
  1996 | D:3      | Noticed a boggart
  1996 | D:3      | a worm changed into a boggart
  1996 | D:3      | XOM: noise
  2003 | D:3      | XOM: silly message
  2007 | D:3      | Killed a boggart
  2096 | D:3      | Gained mutation: You have razor-sharp teeth. [Vine Stalker
                  | growth]
  2096 | D:3      | Reached XP level 6. HP: 36/36 MP: 7/7
  2123 | D:3      | Noticed Terence
  2131 | D:3      | Killed Terence
  2131 | D:3      | XOM: 3-stop teleportation journey
  2546 | D:4      | Got a scorched dagger
  2547 | D:4      | Identified the +6 dagger of the Blind Eye {pierce, Str+4}
                  | (You found it on level 4 of the Dungeon)
  2568 | D:4      | Found a large runed translucent door.
  2568 | D:4      | Found a large runed translucent door.
  2576 | D:4      | Noticed SansUndertale's ghost (amateur NaAc)
  2645 | D:4      | Noticed a necrophage
  2652 | D:4      | Killed a necrophage
  2653 | D:4      | Reached skill level 5 in Dodging
  2743 | D:4      | Reached XP level 7. HP: 40/40 MP: 8/8
  3213 | D:5      | Entered Level 5 of the Dungeon
  3248 | D:5      | Reached skill level 1 in Unarmed Combat
  3282 | D:5      | XOM: summons friendly crimson imp
  3284 | D:5      | XOM: harmless Necr miscast
  3306 | D:5      | Gained mutation: Your bite disrupts and absorbs the magic
                  | of your enemies. [Mana Stalker growth]
  3306 | D:5      | Gained mutation: You are resistant to hostile enchantments.
                  | (MR+) [Mana Stalker growth]
  3306 | D:5      | Reached XP level 8. HP: 6/45 MP: 8/9
  3362 | D:5      | Reached skill level 1 in Short Blades
  3461 | D:5      | Reached skill level 2 in Short Blades
  3534 | D:5      | XOM: harmless Tmut miscast
  3664 | D:5      | Found a staircase to the Ecumenical Temple.
  3673 | Temple   | Entered the Ecumenical Temple
  3808 | Temple   | XOM: 1-stop teleportation journey
  3995 | Temple   | Fell from the grace of Xom
  3995 | Temple   | Became a worshipper of Warmaster Okawaru
  4042 | D:5      | XOM: mild Summ miscast
  4144 | D:5      | Reached skill level 3 in Short Blades
  4229 | D:5      | XOM: cloud trail
  4247 | D:5      | XOM: mild Tmut miscast
  4310 | D:5      | XOM: harmless Ice miscast
  4400 | D:6      | Reached skill level 4 in Short Blades
  4530 | D:6      | Reached skill level 5 in Unarmed Combat
  4564 | D:6      | Noticed a hippogriff
  4566 | D:6      | Noticed Sigmund
  4573 | D:6      | Killed a hippogriff
  4573 | D:6      | Reached * piety under Okawaru
  4574 | D:6      | Reached skill level 5 in Short Blades
  4574 | D:6      | Reached XP level 9. HP: 49/49 MP: 10/10
  4582 | D:6      | Killed Sigmund
  4644 | D:6      | Noticed Grinder
  4675 | D:6      | XOM: potion effect (agility)
  4685 | D:6      | Killed Grinder
  4686 | D:6      | Reached skill level 6 in Short Blades
  4777 | D:6      | XOM: god gift: dented jade amulet {god gift}
  4985 | D:6      | Reached ** piety under Okawaru
  5109 | D:7      | Got a scintillating jade ring
  5111 | D:7      | Identified the ring "Vegat" {Ice Int-3 Dex+5} (You found it
                  | on level 7 of the Dungeon)
  5187 | D:7      | Noticed a troll
  5193 | D:7      | XOM: divination: detect creatures
  5196 | D:7      | Killed a troll
  5236 | D:7      | XOM is BORED!
  5236 | D:7      | XOM: mild Summ miscast
  5289 | D:7      | Reached skill level 7 in Short Blades
  5316 | D:7      | Found a staircase to the Lair.
  5316 | D:7      | Noticed an elephant
  5325 | D:7      | XOM: enchant monster (good)
  5330 | D:7      | Reached *** piety under Okawaru
  5362 | D:7      | Killed an elephant
  5363 | D:7      | Reached skill level 8 in Short Blades
  5363 | D:7      | Reached XP level 10. HP: 54/54 MP: 11/11
  5411 | D:7      | Reached skill level 1 in Invocations
  5606 | D:7      | Found a flagged portal.
  5616 | Bailey   | Entered a bailey
  5812 | Bailey   | XOM: mild Chrm miscast
  5817 | Bailey   | XOM: summons 2 friendly demons
  5818 | Bailey   | XOM: confuse monster(s)
  5826 | Bailey   | XOM: give mutations
  5826 | Bailey   | Gained mutation: You are weak. (Str -2) [Xom's mischief]
  5826 | Bailey   | Gained mutation: Your body sometimes deteriorates upon
                  | taking damage. [Xom's mischief]
  5831 | Bailey   | Reached **** piety under Okawaru
  6009 | D:7      | Reached skill level 5 in Invocations
  6399 | D:8      | XOM: harmless Necr miscast
  6459 | D:8      | Found a staircase to the Orcish Mines.
  6502 | D:8      | Found a glowing silver altar of Zin.
  6814 | D:8      | XOM: 1-stop teleportation journey
  6843 | D:8      | XOM: mild Conj miscast
  6950 | D:8      | XOM: polymorph killer bee -> sky beast
  7036 | D:8      | Reached ***** piety under Okawaru
  7061 | D:8      | Reached XP level 11. HP: 59/59 MP: 18/18
  7458 | D:9      | XOM: 1-stop teleportation journey
  7532 | D:9      | XOM: harmless Tmut miscast
  7606 | D:9      | Lost mutation: You are weak. (Str -2) [potion of mutation]
  7606 | D:9      | Lost mutation: Your body sometimes deteriorates upon taking
                  | damage. [potion of mutation]
  7606 | D:9      | Gained mutation: You are frail. (-10% HP) [potion of
                  | mutation]
  7606 | D:9      | Gained mutation: Your muscles are strong. (Str +2) [potion
                  | of mutation]
  7606 | D:9      | Gained mutation: Your movements are slightly less
                  | encumbered by armour. (ER -2) [potion of mutation]
  7606 | D:9      | Gained mutation: Your muscles are very strong. (Str +4)
                  | [potion of mutation]
  7626 | D:9      | Noticed a centaur warrior
  7638 | D:9      | Killed a centaur warrior
  7653 | D:9      | XOM: give mutations
  7653 | D:9      | Gained mutation: Your spells are a little harder to cast,
                  | but a little more powerful. [Xom's grace]
  7653 | D:9      | Gained mutation: You have sharp toenails. [Xom's grace]
  7730 | D:9      | Received a gift from Okawaru
  7853 | D:9      | XOM: god gift: glowing executioner's axe {god gift}
  8151 | D:10     | Entered Level 10 of the Dungeon
  8164 | D:10     | Reached skill level 10 in Invocations
  8164 | D:10     | Found Kotra's Armour Shoppe.
  8173 | D:10     | XOM: polymorph acid dragon -> tarantella
  8186 | D:10     | Found Suxkuzxosu's Jewellery Boutique.
  8343 | D:10     | Noticed a four-headed hydra
  8354 | D:10     | Killed a four-headed hydra
  8431 | D:10     | XOM: scenery: create altars
  8438 | D:10     | Found Sodov's Jewellery Boutique.
  8452 | D:10     | Reached skill level 5 in Fighting
  8488 | D:10     | XOM: give mutation
  8488 | D:10     | Gained mutation: Your mind is acute. (Int +2) [Xom's
                  | mischief]
  8498 | D:10     | Noticed Josephine
  8507 | D:10     | Killed Josephine
  8641 | D:10     | Received a gift from Okawaru
  8644 | D:10     | Got a pair of ancient boots {god gift}
  8650 | D:10     | Identified the +2 pair of boots "Tiuchac" {*Slow rF+++
                  | Int+9} (Okawaru gifted it to you on level 10 of the
                  | Dungeon)
  8867 | D:11     | Noticed a cyclops
  8870 | D:11     | Killed a cyclops
  8893 | D:11     | Noticed a two-headed ogre
  8897 | D:11     | Noticed a two-headed ogre
  8900 | D:11     | Noticed an ogre mage
  8901 | D:11     | Killed a two-headed ogre
  8905 | D:11     | XOM: confuse monster(s)
  8905 | D:11     | Killed an ogre mage
  8905 | D:11     | Noticed a two-headed ogre
  8906 | D:11     | Gained mutation: You are highly resistant to hostile
                  | enchantments. (MR++) [Mana Stalker growth]
  8906 | D:11     | Reached XP level 12. HP: 65/65 MP: 20/20
  8908 | D:11     | Killed a two-headed ogre
  8911 | D:11     | Killed a two-headed ogre
  8946 | D:11     | Found a stormy altar of Qazlal.
  8986 | D:11     | Got a sparkling brass ring
  9052 | D:11     | Got a jewelled quick blade
  9053 | D:11     | Identified the +3 quick blade of the Poles {flame, *Drain
                  | Dex+6} (You found it on level 11 of the Dungeon)
  9054 | D:11     | Noticed a six-headed hydra
  9057 | D:11     | Killed a six-headed hydra
  9063 | D:11     | Found the +0 pair of hand wraps "Fists of Thunder" {elec,
                  | rElec Slay+2}
  9093 | D:11     | XOM: give mutations
  9093 | D:11     | Gained mutation: Your flesh is heat resistant. (rF+) [Xom's
                  | grace]
  9093 | D:11     | Gained mutation: You are surrounded by a mild repulsion
                  | field. (EV +2) [Xom's grace]
  9093 | D:11     | Gained mutation: You have razor-sharp toenails. [Xom's
                  | grace]
  9093 | D:11     | Gained mutation: You are partially covered in molten
                  | scales. (AC +2) [Xom's grace]
  9161 | D:11     | Reached skill level 10 in Fighting
  9167 | D:11     | Found a blossoming altar of Fedhas.
  9186 | D:11     | Got a steaming short sword
  9259 | D:11     | XOM: god gift: spiked ring mail {god gift}
  9260 | D:11     | Got a spiked ring mail {god gift}
  9271 | D:11     | Identified the +4 ring mail "Biozucla" {rF++ rCorr Str-5}
                  | (Xom gifted it to you on level 11 of the Dungeon)
  9368 | D:11     | Identified the ring "Vuce" {+Fly rN+} (You found it on
                  | level 11 of the Dungeon)
  9678 | D:12     | Entered Level 12 of the Dungeon
  9697 | D:12     | XOM: god gift: 215 stones
  9758 | D:12     | Noticed a two-headed ogre
  9765 | D:12     | Killed a two-headed ogre
  9774 | D:12     | Found a stormy altar of Qazlal.
  9811 | D:12     | XOM: give mutations
  9811 | D:12     | Gained mutation: Your system is resistant to poisons.
                  | (rPois) [Xom's grace]
  9811 | D:12     | Gained mutation: You have claws for feet. [Xom's grace]
  9837 | D:12     | Noticed Rupert
  9852 | D:12     | XOM: cleaving
  9853 | D:12     | XOM: cast spell 'Summon Scorpions'
  9855 | D:12     | Killed Rupert
  9855 | D:12     | Reached ****** piety under Okawaru
  9902 | D:12     | Received a gift from Okawaru
  9908 | D:12     | XOM: noise
  9925 | D:12     | XOM: god gift: ration
 10059 | D:12     | XOM: god gift: 1056 gold pieces
 10071 | D:12     | Noticed a centaur warrior
 10079 | D:12     | Killed a centaur warrior
 10079 | D:12     | Found a staircase to the Depths.
 10079 | D:12     | XOM: 8-stop teleportation journey
 10080 | D:12     | Reached skill level 10 in Dodging
 10080 | D:12     | Reached skill level 1 in Evocations
 10087 | D:12     | Found Obrempil's Magic Scroll Boutique.
 10097 | D:12     | Bought a scroll of identify for 26 gold pieces
 10101 | D:12     | Bought a scroll of identify for 26 gold pieces
 10114 | D:12     | Reached XP level 13. HP: 73/73 MP: 18/21
 10164 | D:12     | XOM: butterfly on damage
 10171 | D:12     | XOM: cleaving
 10180 | D:12     | XOM: confuse monster(s)
 10207 | D:12     | Noticed a vault guard
 10207 | D:12     | Noticed a vault guard
 10222 | D:12     | a vault guard changed into a catoblepas
 10222 | D:12     | XOM: polymorph vault guard -> catoblepas
 10225 | D:12     | Noticed a vault guard
 10227 | D:12     | Noticed a vault guard
 10231 | D:12     | XOM: cleaving
 10284 | D:12     | Killed a vault guard
 10285 | D:12     | Reached skill level 5 in Evocations
 10326 | D:12     | Noticed a vault guard
 10332 | D:12     | Noticed a vault guard
 10334 | D:12     | XOM: fake destruction
 10336 | D:12     | Killed a vault guard
 10342 | D:12     | Killed a vault guard
 10342 | D:12     | Received a gift from Okawaru
 10345 | D:12     | Got a fading short sword {god gift}
 10360 | D:12     | Killed a vault guard
 10399 | D:12     | Found a gate to the Vaults.
 10399 | D:12     | Noticed a vault guard
 10404 | D:12     | Noticed a vault guard
 10413 | D:12     | Killed a vault guard
 10420 | D:12     | Killed a vault guard
 10480 | D:12     | Noticed a dire elephant
 10491 | D:12     | Killed a dire elephant
 10491 | D:12     | Received a gift from Okawaru
 10553 | D:12     | XOM: stat loss: -1 Int (10/11)
 10606 | D:12     | Killed a vault guard
 10758 | D:9      | XOM: silly message
 10829 | Lair:1   | Entered Level 1 of the Lair of Beasts
 10849 | Lair:1   | XOM: cast spell 'Cause Fear'
 10911 | Lair:1   | XOM: summons 3 friendly demons
 11045 | Lair:1   | XOM: blink monster(s)
 11083 | Lair:1   | Reached skill level 9 in Short Blades
 11160 | Lair:1   | Found a runed translucent gate.
 11163 | Lair:1   | Found a runed translucent gate.
 11164 | Lair:1   | Found a runed translucent gate.
 11165 | Lair:1   | Noticed fifreuwaquouxo3460's ghost (novice TrAc)
 11238 | Lair:1   | Got a spiked ring mail
 11384 | Lair:1   | XOM: potion effect (invisibility)
 11389 | Lair:1   | Reached XP level 14. HP: 79/79 MP: 22/22
 11395 | Lair:1   | XOM: harmless Summ miscast
 11773 | Lair:1   | Killed fifreuwaquouxo3460's ghost
 11894 | Lair:2   | Got a polished war axe
 12042 | Lair:2   | Reached skill level 10 in Short Blades
 12044 | Lair:2   | XOM: mild Ice miscast
 12269 | Lair:2   | Found a hole to the Spider Nest.
 12271 | Lair:2   | XOM: noise
 12273 | Lair:2   | XOM: enchant monster (good)
 12290 | Spider:1 | Entered Level 1 of the Spider Nest
 12297 | Spider:1 | XOM: mild Air miscast
 12464 | Spider:1 | Noticed an entropy weaver
 12477 | Spider:1 | Killed an entropy weaver
 12478 | Spider:1 | Received a gift from Okawaru
 12622 | Spider:1 | XOM: confuse monster(s)
 12626 | Spider:1 | Reached skill level 10 in Unarmed Combat
 12629 | Spider:1 | Reached skill level 11 in Short Blades
 12629 | Spider:1 | XOM: enchant monster (good)
 12664 | Spider:1 | Got a heavily runed scarf
 12675 | Spider:1 | Identified the scarf of Bedevilment {stasis, rF+ rN+
                  | Regen+} (You found it on level 1 of the Spider Nest)
 12748 | Spider:1 | XOM: swap monsters
 12793 | Spider:1 | XOM: noise
 12883 | Spider:1 | XOM: harmless Necr miscast
 13104 | Spider:1 | XOM: summons 4 friendly demons
 13203 | Spider:2 | XOM: 1-stop teleportation journey
 13225 | Spider:2 | XOM: 1-stop teleportation journey
 13231 | Spider:2 | XOM: divination: detect creatures
 13277 | Spider:2 | Noticed an entropy weaver
 13296 | Spider:2 | Killed an entropy weaver
 13301 | Spider:2 | Reached skill level 12 in Short Blades
 13422 | Spider:2 | Noticed an entropy weaver
 13444 | Spider:2 | Killed an entropy weaver
 13447 | Spider:2 | XOM: blink monster(s)
 13517 | Spider:2 | Noticed an emperor scorpion
 13519 | Spider:2 | XOM: harmless Summ miscast
 13530 | Spider:2 | XOM: swap monsters
 13542 | Spider:2 | XOM: confuse monster(s)
 13547 | Spider:2 | Killed an emperor scorpion
 13552 | Spider:2 | Reached skill level 13 in Short Blades
 13634 | Spider:2 | Noticed an entropy weaver
 13635 | Spider:2 | Killed an entropy weaver
 13671 | Spider:2 | Reached XP level 15. HP: 82/82 MP: 23/23
 13807 | Spider:2 | XOM: 8-stop teleportation journey
 13877 | Spider:2 | XOM: noise
 14101 | Spider:3 | Entered Level 3 of the Spider Nest
 14115 | Spider:3 | XOM: summons friendly crimson imp
 14116 | Spider:3 | Killed a ghost moth
 14116 | Spider:3 | Received a gift from Okawaru
 14121 | Spider:3 | Noticed an emperor scorpion
 14128 | Spider:3 | XOM: destruction
 14132 | Spider:3 | XOM: potion effect (invisibility)
 14135 | Spider:3 | Killed an emperor scorpion
 14139 | Spider:3 | Noticed Arachne
 14141 | Spider:3 | Noticed Arachne
 14141 | Spider:3 | Arachne changed into Arachne the catoblepas
 14141 | Spider:3 | XOM: polymorph Arachne -> Arachne the catoblepas
 14149 | Spider:3 | Noticed Arachne
 14149 | Spider:3 | Arachne the catoblepas changed into Arachne the swamp worm
 14149 | Spider:3 | XOM: polymorph Arachne the catoblepas -> Arachne the swamp
                  | worm
 14158 | Spider:3 | Killed Arachne the swamp worm
 14243 | Spider:3 | XOM: summons friendly iron imp
 14294 | Spider:3 | XOM: scenery: create altars
 14387 | Spider:3 | Found a frozen archway.
 14412 | IceCv    | Entered an ice cave
 14436 | IceCv    | XOM: divination: magic mapping
 14438 | IceCv    | XOM: polymorph white imp -> iron imp
 14485 | IceCv    | Reached skill level 14 in Short Blades
 14650 | IceCv    | Got a sparkling glass ring
 14979 | IceCv    | Received a gift from Okawaru
 15181 | IceCv    | XOM: 3-stop teleportation journey
 15395 | IceCv    | Found the macabre finger necklace {rN+}
 15641 | IceCv    | Got a warped bronze ring
 15643 | IceCv    | Got a scorched rapier
 15662 | IceCv    | XOM: smoke on damage
 15702 | Spider:3 | XOM: give mutation
 15702 | Spider:3 | Lost mutation: You are frail. (-10% HP) [Xom's mischief]
 15827 | Spider:3 | Noticed an emperor scorpion
 15837 | Spider:3 | XOM: swap monsters
 15844 | Spider:3 | XOM: scenery: create altars
 15847 | Spider:3 | XOM: cast spell 'Olgreb's Toxic Radiance'
 15868 | Spider:3 | XOM: enchant monster (bad)
 15877 | Spider:3 | Killed an emperor scorpion
 15922 | Spider:3 | Noticed an emperor scorpion
 15924 | Spider:3 | XOM: divination: magic mapping
 15944 | Spider:3 | XOM: cast spell 'Summon Ice Beast'
 15954 | Spider:3 | Killed an emperor scorpion
 16006 | Spider:3 | Noticed an emperor scorpion
 16021 | Spider:3 | XOM: fog
 16038 | Spider:3 | Killed an emperor scorpion
 16040 | Spider:3 | XOM: god gift: 137 stones
 16055 | Spider:3 | Received a gift from Okawaru
 16068 | Spider:3 | XOM: summons 2 friendly demons
 16083 | Spider:3 | Noticed an emperor scorpion
 16104 | Spider:3 | Killed an emperor scorpion
 16111 | Spider:3 | Gained mutation: You are extremely resistant to the effects
                  | of hostile enchantments. (MR+++) [Mana Stalker growth]
 16111 | Spider:3 | Reached XP level 16. HP: 71/97 MP: 24/24
 16176 | Spider:3 | XOM: god gift: thick smoking staff {god gift}
 16249 | Spider:3 | XOM: fog
 16268 | Spider:3 | XOM: destruction
 16343 | Spider:3 | Found a huge runed gate.
 16343 | Spider:3 | Found a huge runed gate.
 16343 | Spider:3 | Found a huge runed gate.
 16343 | Spider:3 | Found a huge runed gate.
 16344 | Spider:3 | Found a huge runed gate.
 16521 | Spider:3 | XOM: polymorph tarantella -> eye of draining
 16523 | Spider:3 | Reached skill level 15 in Short Blades
 16531 | Spider:3 | Received a gift from Okawaru
 16588 | Spider:3 | XOM: divine lightning
 16592 | Spider:3 | XOM: scenery: create altars
 16597 | Spider:3 | XOM: summons friendly ufetubus
 16603 | Spider:3 | XOM: destruction
 16720 | Spider:3 | XOM: blink monster(s)
 16773 | Spider:3 | Identified the cursed ring "Pumecoyn" {Ice Str+4} (You
                  | found it in an ice cave)
 16773 | Spider:3 | Identified the ring "Kadoptul" {Fire Int+3} (You found it
                  | in an ice cave)
 16773 | Spider:3 | Identified a scroll of acquirement
 16773 | Spider:3 | Identified the +6 rapier of Neurosis {flame, rN+ Str+3
                  | Dex-2} (You found it in an ice cave)
 16773 | Spider:3 | Identified the +1 ring mail "Dizyboh" {*Slow +Blink rElec
                  | rCorr} (You found it on level 1 of the Lair of Beasts)
 16773 | Spider:3 | Got a gossamer rune of Zot
 16774 | Spider:3 | Identified the +4 crystal plate armour of Inaction {+Blink
                  | MR+ Int+4} (You acquired it on level 3 of the Spider Nest)
 16774 | Spider:3 | Identified the ring of Raaduwka {*Drain *Slow Int+3 Dex+8
                  | SInv} (You acquired it on level 3 of the Spider Nest)
 16918 | Spider:3 | XOM: medium Ice miscast
 17169 | Spider:3 | Found a shimmering altar of Xom.
 17170 | Spider:3 | Found a shimmering altar of Xom.
 17434 | Spider:3 | XOM: silly message
 17439 | Spider:3 | XOM: cloud trail
 17456 | Spider:3 | Found a shimmering altar of Xom.
 17784 | Spider:1 | XOM: give mutations
 17784 | Spider:1 | Lost mutation: Your flesh is heat resistant. (rF+) [Xom's
                  | mischief]
 17784 | Spider:1 | Gained mutation: Scrolls take you a little longer to read.
                  | [Xom's mischief]
 17785 | Spider:1 | Lost mutation: Scrolls take you a little longer to read.
                  | [potion of mutation]
 17785 | Spider:1 | Lost mutation: Your mind is acute. (Int +2) [potion of
                  | mutation]
 17785 | Spider:1 | Lost mutation: Your system is resistant to poisons. (rPois)
                  | [potion of mutation]
 17785 | Spider:1 | Lost mutation: You have claws for feet. [potion of
                  | mutation]
 17785 | Spider:1 | Gained mutation: You have a pair of small horns on your
                  | head. [potion of mutation]
 17785 | Spider:1 | Gained mutation: You expend magic power (3 MP) to
                  | strengthen your wands. [potion of mutation]
 17785 | Spider:1 | XOM: harmless Pois miscast
 17808 | Spider:1 | Identified the +6 short sword of the Sugar Beet {pierce,
                  | *Drain rC++ MR+ Stlth+} (You found it on level 11 of the
                  | Dungeon)
 17808 | Spider:1 | Identified the +7 short sword of Okawaru's Esteem {flame,
                  | *Corrode +Rage +Inv MR+++} (Okawaru gifted it to you on
                  | level 12 of the Dungeon)
 17808 | Spider:1 | Identified the +6 war axe "Emocuk" {chop, +Fly rF+ rN+}
                  | (You found it on level 2 of the Lair of Beasts)
 18094 | Lair:2   | XOM: noise
 18743 | Lair:3   | XOM: polymorph soldier ant -> golden eye
 18787 | Lair:3   | XOM: enchant monster (bad)
 18825 | Lair:3   | XOM: divination: magic mapping
 18846 | Lair:3   | XOM: divination: magic mapping
 18881 | Lair:3   | XOM: noise
 19063 | Lair:3   | XOM: silly message
 19425 | Lair:3   | XOM: silly message
 19485 | Lair:4   | XOM: polymorph blink frog -> wyvern
 19548 | Lair:4   | Received a gift from Okawaru
 19597 | Lair:4   | XOM: confuse monster(s)
 19599 | Lair:4   | XOM: enchant monster (good)
 19650 | Lair:4   | XOM: god gift: 38 gold pieces
 19836 | D:9      | XOM: god gift: 103 stones
 19897 | D:10     | Bought the brooch of Shielding {Reflect SH+8} for 1359 gold
                  | pieces
 19897 | D:10     | Found the brooch of Shielding {Reflect SH+8}
 19958 | D:10     | XOM: scenery: create altars
 19962 | D:10     | XOM: harmless Erth miscast
 20094 | Lair:1   | XOM: harmless Erth miscast
 20173 | Lair:4   | XOM: divination: detect creatures
 20190 | Lair:4   | Noticed Grum
 20193 | Lair:4   | XOM: cast spell 'Summon Ice Beast'
 20205 | Lair:4   | Killed Grum
 20390 | Lair:4   | XOM: mild Tmut miscast
 20461 | Lair:4   | Found a staircase to the Shoals.
 20468 | Shoals:1 | Entered Level 1 of the Shoals
 20756 | Shoals:1 | Found a runed translucent gate.
 20756 | Shoals:1 | Found a runed translucent gate.
 20757 | Shoals:1 | Found a runed translucent gate.
 20798 | Shoals:1 | Noticed Lazarus1551's ghost (adept OnNe)
 20857 | Shoals:1 | XOM: summons friendly crimson imp
 20869 | Shoals:1 | XOM: cleaving
 20873 | Shoals:1 | Killed Lazarus1551's ghost
 20902 | Shoals:1 | Identified the Almanac of the Ashen Blaze
 21040 | Shoals:1 | Found a hide-covered altar of Uskayaw.
 21044 | Shoals:1 | XOM: scenery: 1 doors close
 21056 | Shoals:1 | XOM: scenery: 1 doors open
 21057 | Shoals:1 | Reached XP level 17. HP: 90/108 MP: 25/25
 21070 | Shoals:1 | XOM: potion effect (haste)
 21680 | Shoals:2 | Found a runed gate.
 21680 | Shoals:2 | Found a runed gate.
 21681 | Shoals:2 | Found a runed gate.
 21682 | Shoals:2 | XOM: confuse monster(s)
 21715 | Shoals:2 | XOM: confusion (+ monsters)
 21728 | Shoals:2 | Received a gift from Okawaru
 21783 | Shoals:2 | Identified the +10 quick blade of Guile {antimagic, Fragile
                  | rElec rPois} (You acquired it on level 2 of the Shoals)
 21783 | Shoals:2 | Identified the amulet of Xom's Approval {RegenMP *Slow
                  | Dex+10 Stlth+} (You acquired it on level 2 of the Shoals)
 21816 | Shoals:2 | Identified the ring "Ycakarin" {rElec MR- Str+3 Stlth--}
 21836 | Shoals:2 | Noticed a kraken
 21844 | Shoals:2 | XOM: summons 1 friendly demon
 21845 | Shoals:2 | XOM: polymorph white imp -> crimson imp
 21853 | Shoals:2 | HP: 2/110 [tentacle[a kraken] (20)]
 21853 | Shoals:2 | Mangled by a kraken

Skill      XL: |  1  2  3  4  5  6  7  8  9 10 11 12 13 14 15 16 17 |
---------------+----------------------------------------------------+-----
Stealth        | 2 3 5 6 7 |  7.8
Dodging        | 5 6 10 12 13 | 13.4
Unarmed Combat | 4 5 8 11 13 14 | 14.1
Short Blades   | 5 8 9 13 14 15 | 15.0
Invocations    | 8 10 | 10.0
Fighting       | 8 10 12 13 | 13.7
Evocations     | 1 8 |  8.9
Axes           | |  2.6
Armour         | |  0.7

Action                   |  1- 3 |  4- 6 |  7- 9 | 10-12 | 13-15 | 16-18 || total
-------------------------+-------+-------+-------+-------+-------+-------++-------
Melee: Hand axe          |   102 |   107 |       |       |       |       ||   209
       Bite              |     8 |    18 |    53 |   149 |   479 |   322 ||  1029
       Dagger            |       |    18 |   173 |   223 |       |       ||   414
       Punch             |       |       |     4 |    29 |   119 |    84 ||   236
       Quick blade       |       |       |       |   169 |   858 |   591 ||  1618
       Kick              |       |       |       |    82 |   491 |   366 ||   939
       Headbutt          |       |       |       |       |       |   183 ||   183
Throw: Tomahawk          |       |       |     4 |    50 |       |     8 ||    62
Invok: Heroism           |       |       |     1 |    13 |    34 |    14 ||    62
       Finesse           |       |       |       |       |     1 |     3 ||     4
 Abil: Evoke Flight      |       |       |       |       |     1 |       ||     1
Evoke: Wand              |       |       |       |     3 |       |     4 ||     7
       Lamp of fire      |       |       |       |       |     1 |       ||     1
  Use: Scroll            |       |     8 |     3 |    15 |     2 |     5 ||    33
       Potion            |       |       |       |     1 |       |     2 ||     3
 Stab: Sleeping          |     5 |     9 |    15 |    25 |    28 |    12 ||    94
       Distracted        |     1 |     1 |       |     2 |     8 |     6 ||    18
       Confused          |       |       |       |     2 |    14 |    13 ||    29
       Fleeing           |       |       |       |       |     1 |       ||     1
       Invisible         |       |       |       |       |     8 |       ||     8
       Petrifying        |       |       |       |       |       |     2 ||     2
  Eat: Chunk             |     3 |     9 |     8 |    19 |    17 |    19 ||    75
       Ration            |       |       |     1 |     1 |     2 |     1 ||     5
Armor: Leather armour    |    36 |    47 |    34 |       |       |       ||   117
       Troll leather arm |       |       |     1 |    57 |       |       ||    58
       Ring mail         |       |       |       |       |    91 |    45 ||   136
Dodge: Dodged            |    67 |    90 |   112 |   329 |   581 |   475 ||  1654
       Deflected         |       |       |       |     2 |       |     4 ||     6
Block: Other             |       |       |       |       |       |    58 ||    58
       Reflection        |       |       |       |       |       |     2 ||     2
